 Dungeon Crawl Stone Soup version 0.27.1-33-g824d729ab1 (webtiles) character file.

Game seed: 7821679142398845243

25 SensoryNuts the Ducker (level 2, 14/14 HPs)
             Began as a Felid Monk on Dec 10, 2021.
             Quit the game on level 1 of the Dungeon.
             The game lasted 00:01:58 (1264 turns).

SensoryNuts the Ducker (Felid Monk)                 Turns: 1264, Time: 00:01:58

Health: 14/14      AC:  1    Str:  7    XL:     2   Next: 82%
Magic:  3/3        EV: 19    Int: 11    God:
Gold:   49         SH:  0    Dex: 18    Spells: 1/1 levels left
                                        Lives:  0   Deaths: 0

rFire    . . .     SeeInvis +     - Unarmed
rCold    . . .     Faith    .   (shield unavailable)
rNeg     . . .     Spirit   .   (armour unavailable)
rPois    .         Reflect  .   (helmet unavailable)
rElec    .         Harm     .   (cloak unavailable)
rCorr    .         Rampage  .   (gloves unavailable)
Will     .....                  (boots unavailable)
Stlth    ++........             (no amulet)
HPRegen  0.04/turn              (no ring)
MPRegen  0.08/turn              (no ring)

@: quick
A: very small, claws 1, fangs 3, see invisible, speed 1, shaggy fur 1, stealthy
paws, no weapons or thrown items, no armour, multi-lived
a: no special abilities


You were on level 1 of the Dungeon.
You visited 1 branch of the dungeon, and saw 1 of its levels.

You collected 49 gold pieces.

Inventory:

Scrolls
 a - a scroll of blinking {unknown}
Potions
 c - a potion of might {unknown}


   Skills:
 + Level 3.2 Fighting
 + Level 4.3 Dodging
 + Level 3.0 Stealth
 + Level 3.5 Unarmed Combat


You had one spell level left.
You didn't know any spells.
Your spell library was empty.

Dungeon Overview and Level Annotations

Branches:
Dungeon (1/15)

Altars:


Innate Abilities, Weirdness & Mutations

You have sharp claws.
You have razor-sharp teeth.
You have supernaturally acute eyesight. (SInv)
You cover ground quickly. (Speed+)
You are covered in fur. (AC +1)
Your paws help you pounce on unaware monsters.
You are incapable of wielding weapons or throwing items.
You cannot wear armour.
You gain extra lives every three experience levels.


Message History

a - a scroll labelled SIAJ DASCHUFF A ball python comes into view.
You pounce on the unaware helpless ball python!
You claw the ball python!
You kill the ball python!
No target in view!
No target in view!
No target in view!
No target in view!
No target in view!
No target in view!
No target in view!
No target in view!
No target in view!
No target in view!
No target in view!
There is an open door here.
There is an open door here.
Done exploring.
Done exploring.
Done exploring.
Done exploring.
No target in view!
Done exploring.
Done exploring.
Done exploring.
Done exploring.
No target in view!
No target in view!
There is an open door here.
There is an open door here.
You see here a +0 war axe.
There is a stone staircase leading down here.
Are you sure you want to abandon this character and quit the game? (Confirm with "yes".)

......##..[.........#.##.#.......
......+............##.##.#.......
...(..##.########......#.#..#.###
......##.# #.#..............
......##.########'#....#.########
......##............##.#.#.......
...............).......#.#.......
########...........#####.#.......
.......#.#......@........#..####.
.....#.#.#.###############..# #.
######.#.#.# #..# #. .......#.#.#
#..# #. ########.#.# #..####.
########.#.# #.......
.........#'## #.......
###.........##############..###..
.##.........'............#..# #..


There were no monsters in sight!

Vanquished Creatures
  2 dart slugs (D:1)
  2 ball pythons (D:1)
  An endoplasm (D:1)
  A giant cockroach (D:1)
  A goblin (D:1)
  4 hobgoblins (D:1)
  2 kobolds (D:1)
  2 quokkas (D:1)
  A bat (D:1)
  2 frilled lizards (D:1)
  A rat (D:1)
19 creatures vanquished.

Notes
Turn   | Place    | Note
-------+----------+-------------------------------------------
     0 | D:1      | SensoryNuts the Felid Monk began the quest for the Orb.
     0 | D:1      | Reached XP level 1. HP: 10/10 MP: 2/2
   275 | D:1      | Reached XP level 2. HP: 14/14 MP: 3/3
  1264 | D:1      | Quit the game

Illustrated notes

Levels and vault maps discovered:
D:1:      dpeg_arrival_boxes_within_box, layout_basic, minmay_misc_feat_room

Skill      XL: |  1  2 |
---------------+-------+-----
Stealth        | 3 |  3.0
Fighting       | |  3.2
Dodging        | |  4.3
Unarmed Combat | |  3.5

Action                   || total
-------------------------++-------
Melee: Unarmed           ||    42
       Bite              ||     8
  Use: Scroll            ||     3
 Stab: Sleeping          ||     5
Armor: Skin              ||     2
Dodge: Dodged            ||    23
